 Dungeon Crawl Stone Soup version 0.19-a0-1937-g70ed36a (webtiles) character file.

38843 JeffiDaFish the Severer (level 14, -4/127 HPs)
             Began as a Hill Orc Fighter on Oct 26, 2016.
             Was the Champion of Beogh.
             Slain by a death yak (6 damage)
             ... on level 6 of the Lair of Beasts.
             The game lasted 01:00:16 (16910 turns).

JeffiDaFish the Severer (Hill Orc Fighter)         Turns: 16910, Time: 01:00:19

Health: -4/127     AC: 23    Str: 22    XL:     14   Next: 3%
Magic:  14/14      EV:  2    Int:  8    God:    Beogh [******]
Gold:   1178       SH:  0    Dex: 12    Spells: 0 memorised, 13 levels left

rFire  + . .     SeeInvis .     L - +8 mithril axe "Arga" {speed, MR+}
rCold  x . .     Gourm    .     E - +1 plate armour
rNeg   + + +     Faith    .     c - +1 shield
rPois  ∞         Spirit   .     B - +0 helmet
rElec  .         Reflect  .     o - +2 cloak
rCorr  .         Harm     .     (no gloves)
MR     ++...                    (no boots)
Stlth  ..........               (no amulet)
                                n - ring of poison resistance
                                b - ring "Nahel" {Fire Dex+2}

@: petrified
A: walk on water, yellow scales 1, screaming 1, weak 1
a: Smiting, Recall Orcish Followers, Give Item to Named Follower, Resurrection,
Renounce Religion


You were on level 6 of the Lair of Beasts.
You worshipped Beogh.
Beogh was exalted by your worship.
You were not hungry.

You visited 2 branches of the dungeon, and saw 16 of its levels.
You also visited: Ossuary.

You collected 1178 gold pieces.

Inventory:

Hand Weapons
 L - the +8 mithril axe "Arga" (weapon) {speed, MR+}
   (You found it on level 9 of the Dungeon)

   Attacks with this weapon are significantly faster.
   It affects your resistance to hostile enchantments.
Armour
 c - a +1 shield (worn)
 o - a +2 cloak (worn)
 B - a +0 helmet (worn)
 E - a +1 plate armour (worn)
Jewellery
 b - the ring "Nahel" (left hand) {Fire Dex+2}
   (You found it on level 5 of the Lair of Beasts)

   [ring of fire]

   It enhances your fire magic.
   It affects your dexterity (+2).
   It protects you from fire.
   It makes you vulnerable to cold.
 n - a ring of poison resistance (right hand)
 p - a +2 ring of intelligence
 D - an uncursed ring of stealth
Wands
 a - a wand of acid (10/15)
 K - a wand of teleportation (4/9)
Scrolls
 d - 4 scrolls of fear
 e - 4 scrolls of amnesia
 g - a scroll of blinking
 j - 5 scrolls of fog
 l - a scroll of recharging
 r - 4 scrolls of teleportation
 w - 9 scrolls of remove curse
 z - 6 scrolls of identify
 P - a scroll of magic mapping
 S - a scroll of enchant weapon
Potions
 h - a potion of agility
 k - 3 potions of brilliance
 s - 8 potions of haste
 u - 10 potions of curing
 G - 3 potions of might
 O - a potion of ambrosia
Books
 J - a book of Callings

   Spells                             Type                      Level
   a - Summon Small Mammal            Summoning                    1
   b - Call Imp                       Summoning                    2
   c - Call Canine Familiar           Summoning                    3
   d - Summon Guardian Golem          Hexes/Summoning              3
   e - Summon Lightning Spire         Summoning/Air                4
   f - Summon Ice Beast               Ice/Summoning                4
Miscellaneous
 T - a box of beasts
Comestibles
 f - 4 bread rations
 i - 6 beef jerkies
 m - 6 meat rations
 q - a chunk of flesh
 I - 6 slices of pizza


   Skills:
 + Level 12.4 Fighting
 + Level 18.8 Axes
 + Level 11.1 Armour
 + Level 2.5 Dodging
 + Level 2.7 Stealth
 + Level 11.7 Shields
 + Level 1.5 Unarmed Combat
 + Level 0.3 Invocations


You had 13 spell levels left.
You didn't know any spells.

Dungeon Overview and Level Annotations

Branches:
Dungeon (10/15)            Temple (0/1) D:4            Lair (6/6) D:10
  Swamp (0/4) Lair:2       Spider (0/4) Lair:2
  Slime: Lair:5-6       Orc: D:9-12

Altars:
Hepliaklqana
Makhleb
Nemelex Xobeh

Shops:
D:7 *   D:10 %((**


Innate Abilities, Weirdness & Mutations

You can walk on water.
You are partially covered in yellow scales. (AC +2)
You occasionally shout uncontrollably at your foes.
You are weak. (Str -2)


Message History

An elephant comes into view.
You feel a shout rip itself from your throat, but you make no sound!
You are engulfed in calcifying dust.
The elephant trumpets!
Your orc sorcerer is engulfed in calcifying dust.
The catoblepas gores you.
Your orc knight is engulfed in calcifying dust.
Your orc knight stops moving altogether!
The elephant moves out of view.
The death yak gores you but does no damage.
The death yak gores you!
* * * LOW HITPOINT WARNING * * *
You are engulfed in calcifying dust.
Your orc high priest calls upon Beogh to heal your orc knight.
Your orc knight is healed somewhat.
Your orc sorcerer is engulfed in calcifying dust.
The catoblepas gores you but does no damage.
The death yak gores you but does no damage.
The death yak gores you!
You die...

### # ..# ##.#
..# ########...##
.P#
###.3oooo@Y.P.#
.##
##....54##YY..P#
.#
##.....4##.÷...##
.##
#P....###...÷#.#
..# ##...###
.....#..#
..###...P#
÷.....# Y.#
..##..÷.##
8..#.... ..#
..#.....#
....#.... ..#
..#.P..P#


You could see 2 death yaks, a catoblepas, an elephant, 2 friendly orc knights, a
friendly orc high priest, a friendly ice devil, a friendly neqoxec, a friendly
orc sorcerer (petrified) and a friendly ufetubus.

Vanquished Creatures
  Erolcha (D:9)
  4 hydras
  Erica (Lair:1)
  4 death yaks (Lair:6)
  A hill giant (D:10)
  Pikel (D:8)
  2 wolf spiders (Lair:2)
  4 black mambas
  5 elephants (Lair:1)
  5 spiny frogs
  A yaktaur (D:9)
  9 rime drakes
  2 komodo dragons
  2 trolls (D:9)
  Grinder (D:5)
  A polar bear (Lair:4)
  A hornet (D:8)
  Prince Ribbit (D:5)
  6 blink frogs (Lair:5)
  4 hippogriffs
  A redback (Lair:2)
  4 hogs (D:8)
  26 yaks
  The ghost of taqueso the Shield-Bearer, an amateur FoFi (D:3)
  A steam dragon (Lair:4)
  A hungry ghost (D:7)
  Menkaure (D:5)
  10 swamp worms
  7 porcupines
  11 water moccasins
  2 ice beasts
  2 orc warriors
  Duvessa (D:7)
  4 sky beasts
  4 slaves (D:8)
  A necrophage (D:7)
  4 black bears
  5 phantoms
  15 wolves
  4 centaurs
  6 ogres
  4 crocodiles
  2 elf zombies (Ossuary)
  9 bullfrogs
  A gnoll sergeant (D:6)
  Dowan (D:7)
  4 scorpions
  An electric eel (Lair:2)
  5 howler monkeys (D:7)
  10 wights
  3 jellies
  A crimson imp (D:5)
  An orc priest (D:7)
  A bullfrog skeleton (D:9)
  2 hounds
  A gnoll shaman (D:6)
  2 human zombies (Ossuary)
  6 orc wizards
  3 centaur skeletons
  Jessica (D:2)
  2 iguanas
  5 worker ants
  Natasha (twice) (D:2)
  2 hound zombies
  A hound skeleton (D:9)
  A howler monkey zombie (D:6)
  4 mummies (Ossuary)
  2 worker ant zombies
  Robin (D:2)
  36 gnolls (D:6)
  4 river rats (D:10)
  8 adders
  A shadow imp (D:7)
  3 oozes
  An adder zombie (D:9)
  17 worms
  A dart slug (D:1)
  8 leopard geckos
  22 orcs
  10 bats
  4 giant cockroaches
  A gnoll zombie (Ossuary)
  17 goblins
  9 hobgoblins
  20 jackals
  10 kobolds
  5 quokkas
  2 frilled lizards
  A jackal skeleton (D:8)
  A kobold zombie (Ossuary)
  A leopard gecko zombie (D:7)
  2 orc zombies (Ossuary)
  11 rats
  3 rat zombies (Ossuary)
  12 fungi
  16 plants
471 creatures vanquished.

Vanquished Creatures (collateral kills)
  2 hydras
  An unseen horror (D:10)
  A black mamba (Lair:5)
  An elephant (Lair:1)
  Joseph (D:8)
  3 spiny frogs
  A komodo dragon (Lair:1)
  2 polar bears
  2 hippogriffs
  A blink frog (Lair:5)
  A redback (Lair:2)
  13 yaks
  A human (D:8)
  2 swamp worms (Lair:2)
  2 water moccasins
  A porcupine (Lair:2)
  A sky beast (D:6)
  A phantom (D:10)
  A black bear (Lair:1)
  An ogre (D:9)
  A wolf (Lair:1)
  3 bullfrogs
  A wight (D:9)
  3 howler monkeys (D:9)
  A quasit (D:10)
  A bullfrog skeleton (D:9)
  A jelly (D:9)
  An iguana (D:9)
  4 bats (D:10)
  2 rats (D:10)
  7 fungi
  9 plants
73 creatures vanquished.

Vanquished Creatures (others)
  An orc warrior (Lair:1)
  6 orcs
  A leopard gecko skeleton (D:5)
  2 plants
10 creatures vanquished.

Grand Total: 554 creatures vanquished

Notes
Turn   | Place    | Note
-------+----------+-------------------------------------------
     0 | D:1      | JeffiDaFish the Hill Orc Fighter began the quest for the Orb.
     0 | D:1      | Reached XP level 1. HP: 19/19 MP: 1/1
    42 | D:1      | Reached XP level 2. HP: 27/27 MP: 2/2
   200 | D:1      | Reached skill level 3 in Axes
   689 | D:1      | Reached XP level 3. HP: 28/33 MP: 3/3
   876 | D:2      | Noticed Robin
   888 | D:2      | Killed Robin
   888 | D:2      | Reached skill level 4 in Axes
   888 | D:2      | Reached XP level 4. HP: 21/40 MP: 4/4
  1148 | D:2      | Noticed Jessica
  1157 | D:2      | Killed Jessica
  1270 | D:2      | Reached XP level 5. HP: 46/46 MP: 5/5
  1387 | D:2      | Noticed Natasha
  1391 | D:2      | Killed Natasha
  1479 | D:2      | Reached skill level 5 in Axes
  1563 | D:2      | Gained mutation: You are partially covered in yellow scales. (AC +2) [potion of mutation]
  1563 | D:2      | Gained mutation: You occasionally shout uncontrollably at your foes. [potion of mutation]
  1563 | D:2      | Gained mutation: You are weak. (Str -2) [potion of mutation]
  1614 | D:2      | Noticed Natasha
  1629 | D:2      | Killed Natasha
  2002 | D:3      | Noticed taqueso's ghost (amateur FoFi)
  2016 | D:3      | Killed taqueso's ghost
  2016 | D:3      | Reached XP level 6. HP: 41/53 MP: 6/6
  2279 | D:3      | Reached skill level 6 in Axes
  2459 | D:4      | Found a staircase to the Ecumenical Temple.
  2623 | D:4      | Found a sparkling altar of Nemelex Xobeh.
  3054 | D:4      | Reached skill level 1 in Dodging
  3232 | D:4      | Reached XP level 7. HP: 57/60 MP: 7/7
  3426 | D:4      | Reached skill level 5 in Armour
  3710 | D:5      | Entered Level 5 of the Dungeon
  3718 | D:5      | Noticed Menkaure
  3725 | D:5      | Killed Menkaure
  3725 | D:5      | Reached skill level 5 in Shields
  3797 | D:5      | Noticed Grinder
  3820 | D:5      | Killed Grinder
  3820 | D:5      | Reached skill level 5 in Fighting
  3820 | D:5      | Reached skill level 7 in Axes
  3831 | D:5      | Reached XP level 8. HP: 30/68 MP: 8/8
  4013 | D:5      | Noticed Prince Ribbit
  4024 | D:5      | Killed Prince Ribbit
  4024 | D:5      | Reached skill level 8 in Axes
  4033 | D:5      | Became a worshipper of Beogh the Brigand
  4332 | D:5      | Reached skill level 9 in Axes
  4779 | D:6      | Reached skill level 10 in Axes
  4857 | D:6      | Reached XP level 9. HP: 75/75 MP: 9/9
  5357 | D:6      | Reached * piety under Beogh
  5621 | D:6      | Reached skill level 11 in Axes
  5621 | D:6      | Reached ** piety under Beogh
  6089 | D:7      | Noticed Duvessa
  6093 | D:7      | Killed Duvessa
  6104 | D:7      | Noticed Dowan
  6114 | D:7      | Killed Dowan
  6146 | D:7      | Reached skill level 1 in Unarmed Combat
  6217 | D:7      | Reached skill level 12 in Axes
  6446 | D:7      | Reached XP level 10. HP: 26/86 MP: 10/10
  6896 | D:7      | Reached *** piety under Beogh
  7323 | D:7      | Found Jazelao's Assorted Antiques.
  7654 | D:8      | Noticed Pikel
  7681 | D:8      | Killed Pikel
  7681 | D:8      | Reached skill level 13 in Axes
  7731 | D:8      | Noticed Joseph
  7741 | D:8      | Killed Joseph
  7947 | D:8      | Reached skill level 1 in Stealth
  8021 | D:8      | Found a sand-covered staircase.
  8033 | Ossuary  | Entered an ossuary
  8046 | Ossuary  | Reached **** piety under Beogh
  8862 | D:8      | Reached XP level 11. HP: 87/95 MP: 11/11
  8865 | D:8      | Reached skill level 14 in Axes
  8954 | D:9      | Noticed Erolcha
  8960 | D:9      | Killed Erolcha
  9771 | D:9      | Reached ***** piety under Beogh
 10133 | D:10     | Entered Level 10 of the Dungeon
 10146 | D:10     | Found Qofop's General Store.
 10165 | D:10     | Found Huugeago's General Store.
 10175 | D:10     | Found Kusipt's Weapon Boutique.
 10253 | D:10     | Gained Orik as an ally
 10319 | D:10     | Found Redep's Weapon Emporium.
 10342 | D:10     | Found Bekes's Food Shoppe.
 10411 | D:10     | Killed an unseen horror
 10628 | D:10     | Noticed a hill giant
 10635 | D:10     | Killed a hill giant
 10635 | D:10     | Reached skill level 15 in Axes
 10667 | D:10     | Found a staircase to the Lair.
 10864 | Lair:1   | Entered Level 1 of the Lair of Beasts
 11139 | Lair:1   | Reached XP level 12. HP: 71/106 MP: 12/12
 11362 | Lair:1   | Noticed an eight-headed hydra
 11369 | Lair:1   | Killed a ten-headed hydra
 11369 | Lair:1   | Reached skill level 10 in Fighting
 11407 | Lair:1   | Noticed Erica
 11415 | Lair:1   | Your ally Orik died
 11419 | Lair:1   | Killed Erica
 11768 | Lair:1   | Reached skill level 16 in Axes
 11916 | Lair:1   | Found a burning altar of Makhleb.
 12613 | Lair:2   | Reached skill level 10 in Shields
 12684 | Lair:2   | Found a staircase to the Swamp.
 12952 | Lair:2   | Found a hole to the Spider Nest.
 12957 | Lair:2   | Reached skill level 10 in Armour
 13226 | Lair:2   | Noticed a four-headed hydra
 13230 | Lair:2   | Killed an eight-headed hydra
 13337 | Lair:2   | Found a hazy altar of Hepliaklqana.
 13581 | Lair:3   | Noticed a six-headed hydra
 13593 | Lair:3   | Killed an 11-headed hydra
 13637 | Lair:3   | Reached skill level 17 in Axes
 13690 | Lair:3   | Noticed a six-headed hydra
 13706 | Lair:3   | Killed a 16-headed hydra
 14147 | Lair:3   | Reached XP level 13. HP: 116/116 MP: 13/13
 14711 | Lair:4   | Reached ****** piety under Beogh
 14888 | Lair:4   | Found a sparkling altar of Nemelex Xobeh.
 15041 | Lair:4   | You fall through a shaft!
 15196 | Lair:5   | Reached skill level 18 in Axes
 16370 | Lair:5   | Got a slimy iron ring
 16371 | Lair:5   | Identified the ring "Nahel" {Fire Dex+2} (You found it on level 5 of the Lair of Beasts)
 16604 | Lair:6   | Entered Level 6 of the Lair of Beasts
 16888 | Lair:6   | Reached XP level 14. HP: 94/127 MP: 14/14
 16909 | Lair:6   | HP: 2/127 [death yak (6)]
 16910 | Lair:6   | Slain by a death yak

Vault maps used:
D:1:      onia_arrival_pentagram
D:2:      uniq_natasha, uniq_robin, uniq_jessica
D:3:      first_bread
D:4:      nemelex_diamond_rough_becter
D:5:      uniq_prince_ribbit1, uniq_grinder, uniq_menkaure
D:6:      lemuel_castle_with_subvaults
D:7:      serial_shops, shop, uniq_duvessa
D:8:      nicolae_ossuary_entry_monument, grunt_livestock, uniq_joseph,
          uniq_pikel
D:9:      kennysheep_big_flooded_room, uniq_erolcha
D:10:     grunt_lair_entry_orc_guard_hut, serial_shops, shop,
          nicolae_shop_competitors_out_of_business, shop_fountains, shop, shop
Lair:1:   basic_altar, serial_bayou, serial_bayou_pond_e, serial_bayou_ford_a,
          serial_bayou_lagoon_a, nicolae_quartered_pool_medium, uniq_erica
Lair:2:   nicolae_swamp_entry_splash_gauntlet, spider_nest_entry_funnel_web,
          basic_altar
Lair:3:   grunt_megastairs_2
Lair:4:   cheibrodos_lair_lostbears, basic_altar, minivault_24, worms_lemuel
Lair:5:   minmay_lair_drake_nest, grunt_megastairs_3
Lair:6:   grunt_lair_end_beastmaster, slime_dummy, basic_altar
Ossuary:  ossuary_minmay_tomb_2a

Skill      XL: |  1  2  3  4  5  6  7  8  9 10 11 12 13 |
---------------+----------------------------------------+-----
Axes           | 3 4 5 6 7 10 12 13 15 17 18 | 18.8
Fighting       | 4 5 6 7 8 9 11 12 | 12.4
Armour         | 4 5 6 7 9 10 11 | 11.1
Shields        | 4 5 6 7 8 9 10 11 | 11.7
Dodging        | 1 2 |  2.5
Unarmed Combat | 1 |  1.5
Stealth        | 1 2 |  2.7
Invocations    | |  0.3

Action                   |  1- 3 |  4- 6 |  7- 9 | 10-12 | 13-15 || total
-------------------------+-------+-------+-------+-------+-------++-------
Melee: War axe           |   102 |   197 |   362 |   321 |       ||   982
       Unarmed           |       |       |     9 |       |       ||     9
       Broad axe         |       |       |       |   304 |   322 ||   626
Invok: Convert to Beogh  |       |       |     1 |       |       ||     1
       Give Item to Name |       |       |       |     1 |       ||     1
       Smiting           |       |       |       |     1 |       ||     1
  Use: Scroll            |     5 |     6 |     3 |     7 |     3 ||    24
       Potion            |     2 |     5 |     2 |     6 |     1 ||    16
 Stab: Confused          |       |       |     1 |       |       ||     1
       Distracted        |       |       |       |     2 |     2 ||     4
       Paralysed         |       |       |       |     8 |     1 ||     9
       Petrified         |       |       |       |       |     1 ||     1
  Eat: Chunk             |       |     5 |       |    10 |     6 ||    21
       Fruit             |       |     1 |       |     1 |       ||     2
       Bread ration      |       |     1 |     2 |     4 |       ||     7
       Pizza             |       |       |       |     1 |       ||     1
       Beef jerky        |       |       |       |       |     1 ||     1
Armor: Scale mail        |    34 |    52 |       |       |       ||    86
       Chain mail        |       |    13 |   144 |    27 |       ||   184
       Plate armour      |       |       |       |   265 |   109 ||   374
Dodge: Dodged            |    34 |    36 |    79 |    87 |    45 ||   281
Block: Shield            |    58 |   106 |   178 |   298 |   125 ||   765
